 Dungeon Crawl Stone Soup version 0.30-a0-737-gf23d94013f (webtiles) character file.

Game seed: 4587669676826067564

1973 Lavandula the Slicer (level 9, -5/66 (69) HPs)
             Began as a Human Monk on Feb 2, 2023.
             Was a Believer of Elyvilon.
             Slain by a wight
             ... wielding a +2 short sword
              (8 damage)
             ... on level 7 of the Dungeon.
             The game lasted 00:11:38 (5377 turns).

Lavandula the Slicer (Human Monk)                   Turns: 5377, Time: 00:11:39

HP:   -5/66 (69)    AC:  9    Str:  9 (12) XL:     9   Next: 43%
MP:   9/9           EV: 11    Int: 15 (16) God:    Elyvilon [**....]
Gold: 419           SH:  0    Dex: 19 (20) Spells: 8/8 levels left

rFire   . . .      SeeInvis .    E - +2 scimitar (freeze)
rCold   . . .      Faith    .    (no shield)
rNeg    . . .      Spirit   .    D - +0 swamp dragon scales
rPois   +          Reflect  .    (no helmet)
rElec   .          Harm     .    y - +0 cloak
rCorr   .          Rampage  .    x - +0 pair of gloves
Will    .....                    (no boots)
Stlth   ++                       (no amulet)
HPRegen 0.31/turn                s - +6 ring of intelligence
MPRegen 0.11/turn                (no ring)

@: attractive, flying, lightly drained, invisible
A: no striking features
a: Renounce Religion, Purification, Heal Other


You were on level 7 of the Dungeon.
You worshipped Elyvilon.
Elyvilon was pleased with you.
You visited 2 branches of the dungeon, and saw 8 of its levels.

You collected 419 gold pieces.

Inventory:

Hand Weapons
 a - a +0 falchion
 c - a +0 short sword of draining
 q - a +0 long sword
 E - a +2 scimitar of freezing (weapon)
Missiles
 C - 3 poisoned darts (quivered)
Armour
 b - a +0 robe
 d - a +0 ring mail
 m - a +2 scale mail of willpower
 x - a +0 pair of gloves (worn)
 y - a +0 cloak (worn)
 D - +0 swamp dragon scales (worn)
Jewellery
 o - a ring of flight
 s - a +6 ring of intelligence (left hand)
Scrolls
 j - a scroll of teleportation {unknown}
 k - 2 scrolls of enchant armour {unknown}
 l - a scroll of fear {unknown}
 p - 2 scrolls of poison {unknown}
 t - 2 scrolls of identify {unknown}
 v - a scroll of immolation {unknown}
 B - a scroll of magic mapping {unknown}
Potions
 e - a potion of flight
 f - 2 potions of invisibility
 g - 2 potions of ambrosia
 h - a potion of brilliance {unknown}
 i - a potion of haste {unknown}
 n - a potion of curing
 r - 2 potions of attraction
 u - a potion of heal wounds {unknown}
 w - a potion of mutation {unknown}
 z - a potion of lignification {unknown}
 A - a potion of degeneration
 F - a potion of berserk rage {unknown}


   Skills:
 + Level 5.7 Fighting
 - Level 10.3(10.6) Short Blades
 - Level 3.8(7.6) Long Blades
 - Level 3.0 Dodging
 - Level 2.0 Stealth


You had 8 spell levels left.
You didn't know any spells.
Your spell library contained the following spells:

 Spells                   Type           Power      Damage    Failure   Level
 Foxfire                  Conj/Fire      0%         2x1d4     58%         1
 Sandblast                Erth           0%         2d4       58%         1
 Ensorcelled Hibernation  Hex/Ice        0%         N/A       75%         2
 Passwall                 Tmut/Erth      0%         N/A       75%         2
 Spider Form              Tmut/Pois      0%         N/A       92%         3
 Stone Arrow              Conj/Erth      0%         3d7       92%         3
 Anguish                  Hex/Necr       0%         N/A       100%        4
 Summon Ice Beast         Ice/Summ       0%         N/A       100%        4
 Fireball                 Conj/Fire      0%         3d3       100%        5
 Summon Mana Viper        Hex/Summ       0%         N/A       100%        5
 Conjure Ball Lightning   Conj/Air       0%         3x3d6     100%        6
 Starburst                Conj/Fire      0%         6d3       100%        6
 Monstrous Menagerie      Summ           0%         N/A       100%        7
 Discord                  Hex            0%         N/A       100%        8
 Disjunction              Tloc           0%         N/A       100%        8


Dungeon Overview and Level Annotations

Branches:
Dungeon (7/15)             Temple (1/1) D:6

Altars:
Ashenzari
Cheibriados
Dithmenos
Elyvilon
Fedhas
Kikubaaqudgha
Makhleb
Nemelex Xobeh
Qazlal
Ru
Uskayaw
Vehumet
Xom
Yredelemnul
Zin
The Shining One

Annotations:
D:3 Pargi
D:5 Prince Ribbit, Sigmund


Message History

The wight hits you with a +1 short sword of freezing.
* * * LOW HITPOINT WARNING * * *
The wight freezes you.
* * * LOW HITPOINT WARNING * * *
The wight barely misses you. The orc wizard barely misses you.
The centaur hits you but does no damage.
The centaur kicks you but does no damage.
It was a potion of invisibility.
You fade into invisibility!
The wight hits you with a +2 short sword.
* * * LOW HITPOINT WARNING * * *
The wight closely misses you. x2; The centaur closely misses you.
The centaur barely misses you. The wight misses you.
The orc wizard gestures at you while chanting.
You easily resist.
The white imp is attracted toward you.
You feel better. The centaur hits you.
* * * LOW HITPOINT WARNING * * *
The centaur kicks you but does no damage.
The wight hits you with a +2 short sword.
* * * LOW HITPOINT WARNING * * *
The wight hits you with a +0 battleaxe.
* * * LOW HITPOINT WARNING * * *
You feel drained.
* * * LOW HITPOINT WARNING * * *
The wight hits you with a +1 short sword of freezing.
* * * LOW HITPOINT WARNING * * *
The wight freezes you.
* * * LOW HITPOINT WARNING * * *
The white imp gestures at you.
The puff of frost hits the orc warrior.
The kobold brigand throws a poisoned dart.
The poisoned dart hits the wight!
The orc wizard barely misses you.
The centaur closely misses you. x2; The ogre is attracted toward you.
The jelly is attracted toward you.
Okay, then.
It was a potion of degeneration.
There was something very wrong with that liquid.
You feel weakened.
You feel dopey.
You feel clumsy.
The wight hits you with a +2 short sword!
You die...

## ### ..# ###.# ...
#...# >.## ######o#.#
..# #.Vz@z.K.# #.#
###..cozo..#
##.#######....ozo.o.#
##<....)..†.#[..KO5K.#
......#######...o.§J.#
#####..## ########.# #
#...#### #§##..#
##.....## #§...#
#.....##..### #§##.#


You could see a vampire, an orc warrior (unable to see you), a kobold brigand
(unable to see you), an ogre (unable to see you), a centaur (unable to see you),
a jelly, 4 wights, an orc wizard (unable to see you), a white imp (unable to see
you), 5 orcs and 2 kobolds.

Vanquished Creatures
  Maggie (D:6)
  Eustachio (D:6)
  Menkaure (D:5)
  3 water moccasins
  2 phantoms
  2 bullfrogs (D:6)
  A scorpion (D:7)
  3 necrophages
  3 wights (D:7)
  3 hounds
  An orc priest (D:5)
  2 jellies (D:5)
  3 iguanas (D:5)
  Ijyb (D:2)
  An orc wizard (D:4)
  3 gnolls
  3 adders
  A shadow imp (D:6)
  An ufetubus (D:6)
  A dart slug (D:1)
  2 orcs (D:5)
  7 ball pythons
  5 bats
  6 endoplasms
  2 giant cockroaches (D:2)
  13 goblins
  2 hobgoblins (D:3)
  7 jackals
  A quokka (D:5)
  A frilled lizard (D:3)
  7 kobolds
  3 rats
93 creatures vanquished.

Vanquished Creatures (others)
  2 fungi (D:3)
  2 plants (D:3)
4 creatures vanquished.

Grand Total: 97 creatures vanquished

Notes
Turn   | Place    | Note
-------+----------+-------------------------------------------
     0 | D:1      | Lavandula the Human Monk began the quest for the Orb.
     0 | D:1      | Reached XP level 1. HP: 18/18 MP: 1/1
   138 | D:1      | Reached XP level 2. HP: 23/24 MP: 2/2
   503 | D:1      | Reached XP level 3. HP: 26/26 MP: 3/3
   883 | D:2      | Reached skill level 1 in Short Blades
  1301 | D:2      | Noticed Ijyb
  1313 | D:2      | Reached skill level 2 in Short Blades
  1356 | D:2      | Killed Ijyb
  1357 | D:2      | Reached XP level 4. HP: 11/35 MP: 4/4
  1789 | D:2      | Reached skill level 3 in Short Blades
  1863 | D:3      | Found a stormy altar of Qazlal.
  2015 | D:3      | Noticed Pargi
  2066 | D:2      | Reached XP level 5. HP: 40/41 MP: 5/5
  2283 | D:4      | Found a sparkling altar of Nemelex Xobeh.
  2487 | D:4      | Noticed a phantom
  2501 | D:4      | Killed a phantom
  2502 | D:4      | Reached skill level 4 in Short Blades
  2502 | D:4      | Reached XP level 6. HP: 31/47 MP: 6/6
  2762 | D:5      | Entered Level 5 of the Dungeon
  2777 | D:4      | Reached skill level 5 in Short Blades
  2859 | D:5      | Noticed Menkaure
  2863 | D:5      | Noticed a water moccasin
  2865 | D:5      | Killed Menkaure
  2866 | D:5      | Reached skill level 6 in Short Blades
  2866 | D:5      | Reached XP level 7. HP: 41/52 MP: 7/7
  2891 | D:5      | Killed a water moccasin
  3024 | D:5      | Noticed a water moccasin
  3039 | D:5      | Killed a water moccasin
  3040 | D:5      | Reached skill level 7 in Short Blades
  3208 | D:5      | Noticed Prince Ribbit
  3208 | D:5      | Noticed Sigmund
  3291 | D:5      | Reached XP level 8. HP: 51/58 MP: 8/8
  3308 | D:5      | Reached skill level 8 in Short Blades
  3389 | D:5      | Found a basalt altar of Yredelemnul.
  3640 | D:5      | Found a radiant altar of Vehumet.
  3950 | D:6      | Found a glowing silver altar of Zin.
  4087 | D:6      | Noticed Eustachio
  4127 | D:6      | Killed Eustachio
  4128 | D:6      | Reached skill level 9 in Short Blades
  4285 | D:6      | Found a burning altar of Makhleb.
  4286 | D:6      | Found a sacrificial altar of Ru.
  4286 | D:6      | Found a shimmering altar of Xom.
  4550 | D:6      | Noticed Maggie
  4583 | D:6      | Killed Maggie
  4584 | D:6      | Reached skill level 10 in Short Blades
  4584 | D:6      | Reached XP level 9. HP: 25/63 MP: 9/9
  4584 | D:6      | Found a shadowy altar of Dithmenos.
  4804 | D:6      | Found a white marble altar of Elyvilon.
  4891 | D:6      | Found a staircase to the Ecumenical Temple.
  5021 | Temple   | Entered the Ecumenical Temple
  5150 | D:6      | Became a worshipper of Elyvilon the Healer
  5150 | D:6      | Reached * piety under Elyvilon
  5150 | D:6      | Reached ** piety under Elyvilon
  5264 | D:7      | Reached skill level 5 in Fighting
  5376 | D:7      | HP: 3/66 [wight/+1 short sword of freezing (2)]
  5377 | D:7      | Slain by a wight

Illustrated notes

Levels and vault maps discovered:
D:1:      dpeg_arrival_orchard, layout_basic, minivault_11, chequers_jeans,
          hangedman_decor_growths
D:2:      kennysheep_the_goblin_king, layout_loops_cross, serial_bayou_ford_a,
          dreamdust_princess_bridge, serial_bayou_pond_c
D:3:      wander_river, layout_loops_cross, marbit_many_paths,
          nicolae_gozag_cash_rules_everything_around_me, lemuel_doored_altar,
          dreamdust_ecumenical_altar_hidden_monk_grotto,
          kennysheep_generic_room_15, uniq_pargi
D:4:      layout_rooms, nicolae_overflow_crystal_walls
D:5:      layout_loops_ring, nicolae_overflow_hidden_temple,
          kennysheep_mini_moat, uniq_prince_ribbit1, uniq_sigmund, uniq_menkaure
D:6:      layout_basic, zin_treasury,
          chequers_temple_overflow_statue_of_worship,
          mainiacjoe_overflow_two_lobes, minmay_temple_entry_poolview,
          uniq_maggie, uniq_eustachio
D:7:      layout_rooms, nicolae_wu_jian_wuxing_cycle,
          mainiacjoe_overflow_concentric_impassable
Temple:   nicolae_temple_ecumenical_triangle

Skill      XL: |  1  2  3  4  5  6  7  8  9 |
---------------+----------------------------+-----
Short Blades   | 2 3 4 6 7 10 | 10.3
Fighting       | 5 |  5.7
Long Blades    | |  3.8
Dodging        | |  3.0
Stealth        | |  2.0

Action                     |  1- 3 |  4- 6 |  7- 9 || total
---------------------------+-------+-------+-------++-------
  Melee: Falchion          |    44 |       |       ||    44
         Punch             |     1 |     1 |     5 ||     7
         Short sword       |    91 |    82 |   196 ||   369
         Long sword        |       |    25 |    34 ||    59
         Scimitar          |       |       |    31 ||    31
  Throw: Dart              |       |       |     1 ||     1
    Use: Potion            |     1 |       |     6 ||     7
   Stab: Sleeping          |     3 |       |       ||     3
 Armour: Ring mail         |    61 |       |       ||    61
         Scale mail        |       |    38 |    61 ||    99
         Swamp dragon scal |       |       |    24 ||    24
  Dodge: Dodged            |    86 |    43 |   116 ||   245

Table legend: (Time is in decaauts)
 A = Elapsed time spent in this place.
 B = Non-inter-level travel time spent in this place.
 C = Inter-level travel time spent in this place.
 D = Time resting spent in this place.
 E = Time spent auto-exploring this place.
 F = Levels seen in this place.
 G = Mean time per level.
                   A        B        C        D        E       F      G
               +--------+--------+--------+--------+--------+-----+--------+
         Total |   5284 |   4867 |    417 |    228 |   3618 |   8 |  660.5 |
       Dungeon |   5240 |   4830 |    410 |    228 |   3586 |   7 |  748.6 |
        Temple |     43 |     36 |      7 |      0 |     32 |   1 |   43.0 |
               +--------+--------+--------+--------+--------+-----+--------+

Top non-repeatable levels by time:
     D:6: 1262 daAuts
     D:5: 1011 daAuts
     D:2: 959 daAuts
     D:1: 869 daAuts
     D:4: 553 daAuts
     D:3: 424 daAuts
     D:7: 160 daAuts
  Temple: 43 daAuts
